 Dungeon Crawl Stone Soup version 0.29.1-15-g9cfb28693d (webtiles) character file.

Game seed: 1003065336005420327

22166 asdfadf the Severer (level 12, -2/111 HPs)
             Began as a Hill Orc Fighter on Apr 30, 2023.
             Slain by a skeletal warrior
             ... wielding a +0 glaive
              (8 damage)
             ... on level 11 of the Dungeon on May 1, 2023.
             The game lasted 00:29:10 (9350 turns).

asdfadf the Severer (Hill Orc Fighter)              Turns: 9350, Time: 00:29:10

Health: -2/111     AC: 22    Str: 24    XL:     12   Next: 97%
Magic:  12/12      EV:  7    Int:  8    God:
Gold:   717        SH: 14    Dex: 16    Spells: 11/11 levels left

rFire   . . .      SeeInvis .   a - +0 war axe
rCold   . . .      Faith    .   y - +2 kite shield
rNeg    . . .      Spirit   .   o - +4 plate armour
rPois   .          Reflect  .   (helmet restricted)
rElec   .          Harm     +   t - scarf {harm}
rCorr   .          Rampage  .   r - +0 pair of gloves
Will    .....                   (no boots)
Stlth   ..........              f - amulet of regeneration
HPRegen 1.08/turn               b - +6 ring of dexterity
MPRegen 0.13/turn               (no ring)

@: unable to read, unable to drink
A: horns 1, iridescent scales 1, inability to drink after injury 2, inability to
read after injury 1
a: no special abilities


You were on level 11 of the Dungeon.
You visited 1 branch of the dungeon, and saw 11 of its levels.

You collected 717 gold pieces.

Inventory:

Hand Weapons
 a - a +0 war axe (weapon)
Armour
 o - a +4 plate armour (worn)
 r - a +0 pair of gloves (worn)
 t - a scarf of harm (worn)
 y - a +2 kite shield (worn)
Jewellery
 b - a +6 ring of dexterity (left hand)
 c - a ring of poison resistance
 f - an amulet of regeneration (around neck)
 j - an amulet of the acrobat
 p - a +4 ring of protection
Wands
 g - a wand of paralysis (15)
 q - a wand of mindburst (38)
 s - a wand of flame (9)
 u - a wand of roots (20)
 w - a wand of polymorph (4)
 z - a wand of quicksilver (7)
Scrolls
 i - 10 scrolls of identify
 k - 4 scrolls of teleportation
 l - 2 scrolls of vulnerability
 m - a scroll of poison
 v - 2 scrolls of magic mapping
Potions
 d - 3 potions of cancellation
 e - 6 potions of curing
 h - a potion of flight
 n - 3 potions of attraction
 x - 2 potions of heal wounds
 A - 2 potions of mutation
 B - 2 potions of invisibility
 C - 2 potions of ambrosia {unknown}


   Skills:
 + Level 11.7 Fighting
 + Level 16.9 Axes
 + Level 10.9 Armour
 + Level 2.6 Dodging
 + Level 1.2 Stealth
 + Level 11.2 Shields


You had 11 spell levels left.
You didn't know any spells.
Your spell library contained the following spells:

 Spells                   Type           Power      Damage    Failure   Level
 Call Canine Familiar     Summ           0%         N/A       100%        3
 Ignite Poison            Fire/Tmut/Pois 0%         N/A       100%        3
 Mephitic Cloud           Conj/Pois/Air  0%         N/A       100%        3
 Ozocubu's Armour         Ice            0%         N/A       100%        3
 Portal Projectile        Hex/Tloc       0%         N/A       100%        3
 Corpse Rot               Necr/Pois/Air  0%         N/A       100%        4
 Dispel Undead            Necr           0%         3d6       100%        4
 Leda's Liquefaction      Hex/Erth       0%         N/A       100%        4
 Freezing Cloud           Conj/Ice/Air   0%         6-21      100%        5
 Lee's Rapid Deconstruct  Erth           0%         3d5*      100%        5
 Death Channel            Necr           0%         N/A       100%        6
 Statue Form              Tmut/Erth      0%         N/A       100%        6
 Ozocubu's Refrigeration  Ice            0%         4d7       100%        7


Dungeon Overview and Level Annotations

Branches:
Dungeon (11/15)            Temple (0/1) D:5
   Lair: D:8-11         Orc: D:9-12

Altars:
Dithmenos
Elyvilon
Kikubaaqudgha
Qazlal
Sif Muna
Wu Jian
Yredelemnul
The Shining One


Innate Abilities, Weirdness & Mutations

You have a pair of small horns on your head.
You are partially covered in iridescent scales. (AC +2)
You sometimes lose the ability to drink potions when taking damage.
You occasionally lose the ability to read scrolls when taking damage.


Message History

The skeletal warrior hits you from afar with a +0 glaive!!
You feel threatened and lose the ability to drink potions!
The yak gores you but does no damage.
You hit the yak.
The yak is severely wounded.
You block the skeletal warrior's attack.
The yak closely misses you.
You barely miss the yak. You headbutt the yak, but do no damage.
The yak is severely wounded.
The skeletal warrior hits you from afar with a +0 glaive!!
You feel threatened and lose the ability to read scrolls!
The yak gores you but does no damage.
You slash the yak!
You kill the yak!
You block the skeletal warrior's attack.
You cannot drink potions in your current state!
Unknown command.
You cannot drink potions in your current state!
You block the skeletal warrior's attack.
Items here: †††††.
You barely miss the skeletal warrior.
You headbutt the skeletal warrior, but do no damage.
You hit the skeletal warrior.
Your headbutt misses the skeletal warrior.
The skeletal warrior is lightly damaged.
You block the skeletal warrior's attack.
You closely miss the skeletal warrior.
You headbutt the skeletal warrior, but do no damage.
The skeletal warrior hits you with a +0 glaive!
You hit the skeletal warrior but do no damage.
Your headbutt misses the skeletal warrior.
The skeletal warrior hits you with a +0 glaive!
* * * LOW HITPOINT WARNING * * *
You hit the skeletal warrior but do no damage.
The skeletal warrior hits you with a +0 glaive!
* * * LOW HITPOINT WARNING * * *
You hit the skeletal warrior but do no damage.
Your headbutt misses the skeletal warrior.
The skeletal warrior hits you with a +0 glaive!
You die...

############################## ##
.........)................... .
#...#..............######..#
#...#..............# #..#####
.#.................(######.......
.......................†.........
............#########'###########
.#..#.......#...@.##......# #
.........Y..###z########### ###
'########....[............# #..
#.#..#..........#.# #..
#.#..#............# #..
#.#..#.###.###....# #..
#########......# ♣.♣ #....# #..
............####♣P~≈≈###### ###
...#..##..#.# #♣~P♣♣#


You could see a skeletal warrior.

Vanquished Creatures
  5 two-headed ogres
  A death yak (shapeshifter) (D:9)
  A flayed ghost (D:11)
  A glowing orange brain (D:9)
  Pikel (D:6)
  6 ugly things (D:9)
  A manticore (D:11)
  A cyclops (D:10)
  An unseen horror (D:10)
  An efreet (D:11)
  A komodo dragon (D:10)
  A troll (D:9)
  Grinder (D:5)
  Sigmund (D:6)
  3 vampires
  A shadow (D:11)
  A fire bat (shapeshifter) (D:9)
  40 yaks
  A vampire mosquito (D:11)
  4 steam dragons
  An acid dragon (D:11)
  An ice beast (D:8)
  4 orc warriors
  2 black bears (D:5)
  5 phantoms
  An ogre (D:7)
  7 bullfrogs
  2 gnoll sergeants
  8 scorpions
  9 killer bees (D:8)
  A killer bee (shapeshifter) (D:9)
  4 howler monkeys
  3 jellies
  2 orc priests (D:3)
  3 gnoll boudas
  5 hounds
  Jessica (D:2)
  2 iguanas
  3 orc wizards
  25 gnolls
  14 adders
  2 shadow imps
  An ufetubus (D:6)
  A worm (D:2)
  17 dart slugs
  28 orcs
  6 endoplasms
  15 giant cockroaches
  7 goblins
  5 hobgoblins
  3 jackals (D:5)
  4 kobolds (D:1)
  3 quokkas
  7 ball pythons
  5 bats
  6 frilled lizards
  8 rats
294 creatures vanquished.

Vanquished Creatures (collateral kills)
  A cacodemon (D:9)
  The ghost of diceflayer the Fighter, a novice DsHu of Okawaru (D:9)
  3 neqoxecs (D:9)
5 creatures vanquished.

Vanquished Creatures (others)
  42 plants (D:11)
42 creatures vanquished.

Grand Total: 341 creatures vanquished

Notes
Turn   | Place    | Note
-------+----------+-------------------------------------------
     0 | D:1      | asdfadf the Hill Orc Fighter began the quest for the Orb.
     0 | D:1      | Reached XP level 1. HP: 19/19 MP: 1/1
   149 | D:1      | Reached XP level 2. HP: 21/27 MP: 2/2
   156 | D:1      | Reached skill level 3 in Axes
   435 | D:1      | Found a faded altar of an unknown god.
   544 | D:2      | Reached XP level 3. HP: 33/33 MP: 3/3
   589 | D:2      | Identified the +2 dagger "Oritwot" {drain, MP+9}
   687 | D:2      | Reached XP level 4. HP: 36/40 MP: 4/4
   788 | D:2      | Noticed Jessica
   791 | D:2      | Killed Jessica
   792 | D:2      | Reached skill level 4 in Axes
  1237 | D:3      | Reached XP level 5. HP: 45/47 MP: 5/5
  1268 | D:3      | Reached skill level 5 in Axes
  1352 | D:3      | Reached skill level 1 in Dodging
  1438 | D:3      | Reached XP level 6. HP: 51/53 MP: 6/6
  1450 | D:3      | Found an ancient bone altar of Kikubaaqudgha.
  1498 | D:3      | Gained mutation: You passively dampen the noise of your
                  | surroundings. [potion of mutation]
  1498 | D:3      | Gained mutation: You are clumsy. (Dex -2) [potion of
                  | mutation]
  1501 | D:3      | Lost mutation: You passively dampen the noise of your
                  | surroundings. [potion of mutation]
  1501 | D:3      | Lost mutation: You are clumsy. (Dex -2) [potion of
                  | mutation]
  1501 | D:3      | Gained mutation: You are strong-willed. (Will+) [potion of
                  | mutation]
  1501 | D:3      | Gained mutation: You are clumsy. (Dex -2) [potion of
                  | mutation]
  1501 | D:3      | Gained mutation: You have hidden genetic potential. [potion
                  | of mutation]
  1502 | D:3      | Lost mutation: You are strong-willed. (Will+) [potion of
                  | mutation]
  1502 | D:3      | Lost mutation: You are clumsy. (Dex -2) [potion of
                  | mutation]
  1502 | D:3      | Gained mutation: You occasionally lose the ability to read
                  | scrolls when taking damage. [potion of mutation]
  1502 | D:3      | Gained mutation: You occasionally lose the ability to drink
                  | potions when taking damage. [potion of mutation]
  1854 | D:4      | Found an ornate altar of the Wu Jian Council.
  1872 | D:4      | Reached skill level 6 in Axes
  2155 | D:4      | Reached skill level 5 in Fighting
  2206 | D:4      | Reached XP level 7. HP: 61/61 MP: 7/7
  2223 | D:4      | Reached skill level 5 in Armour
  2231 | D:4      | Gained mutation: You are partially covered in iridescent
                  | scales. (AC +2) [hidden potential]
  2303 | D:4      | Reached skill level 7 in Axes
  2822 | D:5      | Entered Level 5 of the Dungeon
  3275 | D:5      | Reached XP level 8. HP: 67/70 MP: 8/8
  3303 | D:5      | Reached skill level 8 in Axes
  3320 | D:5      | Found a staircase to the Ecumenical Temple.
  3361 | D:5      | Noticed Grinder
  3364 | D:5      | Found a shadowy altar of Dithmenos.
  3368 | D:5      | Paralysed by Grinder for 2 turns
  3384 | D:5      | Paralysed by Grinder for 4 turns
  3396 | D:5      | Killed Grinder
  3397 | D:5      | Reached skill level 5 in Shields
  3408 | D:5      | Gained mutation: You have a pair of small horns on your
                  | head. [hidden potential]
  3408 | D:5      | Lost mutation: You have hidden genetic potential. [hidden
                  | potential expressed]
  3557 | D:5      | Reached skill level 9 in Axes
  4193 | D:6      | Reached XP level 9. HP: 77/78 MP: 9/9
  4198 | D:6      | Reached skill level 10 in Axes
  4298 | D:6      | Noticed Sigmund
  4307 | D:6      | Killed Sigmund
  4308 | D:6      | Noticed Pikel
  4321 | D:6      | Killed Pikel
  4322 | D:6      | Reached skill level 11 in Axes
  5320 | D:7      | Reached XP level 10. HP: 80/88 MP: 10/10
  5692 | D:8      | Reached skill level 12 in Axes
  5748 | D:8      | Found a stormy altar of Qazlal.
  5781 | D:8      | Found a basalt altar of Yredelemnul.
  6297 | D:8      | Found a white marble altar of Elyvilon.
  6595 | D:9      | Noticed a two-headed ogre
  6600 | D:9      | Killed a two-headed ogre
  6645 | D:9      | Found a glowing golden altar of the Shining One.
  6739 | D:9      | Reached skill level 13 in Axes
  7000 | D:9      | Found a runed translucent gate.
  7000 | D:9      | Found a runed translucent gate.
  7000 | D:9      | Found a runed translucent gate.
  7001 | D:9      | Noticed a brown ugly thing
  7001 | D:9      | Noticed a white ugly thing
  7001 | D:9      | Noticed a red ugly thing
  7001 | D:9      | Noticed a purple ugly thing
  7002 | D:9      | Noticed a red ugly thing
  7002 | D:9      | Noticed a glowing orange brain
  7002 | D:9      | Noticed a brown ugly thing
  7003 | D:9      | Noticed a death drake
  7004 | D:9      | Noticed a shining eye
  7004 | D:9      | a death drake changed into a shining eye
  7486 | D:9      | Noticed a lindwurm
  7488 | D:9      | Noticed a two-headed ogre
  7488 | D:9      | a lindwurm changed into a two-headed ogre
  7491 | D:9      | Noticed a faun
  7491 | D:9      | a two-headed ogre changed into a faun
  7525 | D:9      | Noticed a radroach
  7541 | D:9      | Killed a red ugly thing
  7552 | D:9      | Killed a red ugly thing
  7565 | D:9      | Killed a white ugly thing
  7566 | D:9      | Reached XP level 11. HP: 71/95 MP: 11/11
  7571 | D:9      | Killed a brown ugly thing
  7578 | D:9      | Killed a red ugly thing
  7587 | D:9      | Killed a cyan ugly thing
  7587 | D:9      | Noticed a death yak
  7588 | D:9      | Reached skill level 14 in Axes
  7590 | D:9      | Noticed an emperor scorpion
  7590 | D:9      | a death yak changed into an emperor scorpion
  7594 | D:9      | Noticed a storm dragon
  7594 | D:9      | an emperor scorpion changed into a storm dragon
  7599 | D:9      | Noticed an emperor scorpion
  7599 | D:9      | a storm dragon changed into an emperor scorpion
  7601 | D:9      | Noticed a death yak
  7601 | D:9      | an emperor scorpion changed into a death yak
  7607 | D:9      | Killed a death yak
  7623 | D:9      | Killed a glowing orange brain
  7636 | D:9      | Found a runed translucent gate.
  7636 | D:9      | Found a runed translucent gate.
  7643 | D:9      | Found a runed translucent gate.
  7643 | D:9      | Noticed a cacodemon
  7644 | D:9      | Noticed diceflayer's ghost (novice DsHu)
  7667 | D:9      | Gained mutation: You sometimes lose the ability to drink
                  | potions when taking damage. [a cacodemon]
  7669 | D:9      | Killed diceflayer's ghost
  7674 | D:9      | Killed a cacodemon
  7675 | D:9      | Reached skill level 15 in Axes
  7733 | D:9      | Identified the +1 robe "Toits" {Str+7 Int-5 Stlth+}
  7797 | D:10     | Entered Level 10 of the Dungeon
  7841 | D:10     | Noticed a cyclops
  7848 | D:10     | Killed a cyclops
  7849 | D:10     | Reached skill level 1 in Stealth
  8001 | D:10     | Reached skill level 10 in Fighting
  8001 | D:10     | Reached XP level 12. HP: 69/106 MP: 12/12
  8082 | D:10     | Reached skill level 10 in Shields
  8212 | D:10     | Identified the +10 spear of Mayhem {pain, Str+3 Int+3}
  8240 | D:10     | Found a shimmering blue altar of Sif Muna.
  8383 | D:10     | Reached skill level 16 in Axes
  8590 | D:11     | Noticed a two-headed ogre
  8595 | D:11     | Reached skill level 10 in Armour
  8596 | D:11     | Noticed a two-headed ogre
  8603 | D:11     | Killed a two-headed ogre
  8610 | D:11     | Killed a two-headed ogre
  8636 | D:11     | HP: 1/107 [vampire (7)]
  8683 | D:11     | Noticed a two-headed ogre
  8859 | D:11     | Noticed a two-headed ogre
  8865 | D:11     | Killed a two-headed ogre
  9185 | D:11     | Killed a two-headed ogre
  9350 | D:11     | Slain by a skeletal warrior

Illustrated notes

Levels and vault maps discovered:
D:1:      scummos_arrival_gate, layout_rooms, dreamdust_ecumenical_altar_statues
D:2:      minmay_roachtagon, layout_loops_ring, uniq_jessica
D:3:      layout_basic, mainiacjoe_overflow_boulevard, lightli_corner_chamber
D:4:      minmay_skewed_foursquare, layout_basic, amcnicky_altar_gilded,
          lightli_ossuary_entry_decrepit_ruins, serial_rivers,
          chequers_serial_rivers_room_b, chequers_serial_rivers_micro_b,
          chequers_serial_rivers_large_a, chequers_serial_rivers_small_a
D:5:      kennysheep_slugbush, layout_cave_pools,
          nicolae_dithmenos_through_a_glass_darkly, minmay_temple_entry_wispy,
          minmay_quadrilaterals, uniq_grinder
D:6:      layout_loops_ring, uniq_pikel, uniq_sigmund
D:7:      layout_loops_ring
D:8:      layout_loops_ring, mainiacjoe_overflow_two_lobes,
          general_overflow_altar
D:9:      layout_loops_ring, tso_altar,
          ploomutoo_gammafunk_ghost_potion_laboratory
D:10:     layout_rooms, led_sif_pool
D:11:     nzn_winding_woodlands_stair_trap [nzn_winding_woodlands_5x15_jagged,
          nzn_winding_woodlands_5x15_lazy_stream,
          nzn_winding_woodlands_5x15_cabin,
          nzn_winding_woodlands_15x15_five_gardens,
          nzn_winding_woodlands_5x15_longhouse,
          nzn_winding_woodlands_5x15_default,
          nzn_winding_woodlands_5x15_pathside_ponds], layout_stronghold,
          grunt_lair_entry_orc_guard_hut, laboratory

Skill      XL: |  1  2  3  4  5  6  7  8  9 10 11 12 |
---------------+-------------------------------------+-----
Axes           | 3 4 5 6 7 9 11 13 15 16 | 16.9
Fighting       | 4 5 6 7 8 10 11 | 11.7
Armour         | 4 5 6 7 8 9 10 | 10.9
Dodging        | 1 2 |  2.6
Shields        | 4 5 7 8 9 11 | 11.2
Stealth        | 1 |  1.2

Action                   |  1- 3 |  4- 6 |  7- 9 | 10-12 || total
-------------------------+-------+-------+-------+-------++-------
Melee: War axe           |   103 |   203 |   244 |   604 ||  1154
       Headbutt          |       |       |    22 |   148 ||   170
  Use: Potion            |       |     9 |     3 |     7 ||    19
       Scroll            |       |     4 |     6 |    10 ||    20
 Stab: Distracted        |     1 |       |       |     1 ||     2
Armor: Scale mail        |    45 |    38 |       |       ||    83
       Plate armour      |       |    94 |   147 |   273 ||   514
Dodge: Dodged            |    56 |    70 |    67 |   109 ||   302
Block: Buckler           |    32 |    46 |    46 |       ||   124
       Kite shield       |       |       |    48 |   372 ||   420
